 Dungeon Crawl Stone Soup version 0.25-a0-589-g1e14c549ee (webtiles) character file.

Game seed: 17386281662758796003, levelgen mode: deterministic

132 Anathary the Covert (level 4, -9/22 HPs)
             Began as a Spriggan Assassin on Mar 12, 2020.
             Was an Initiate of Dithmenos.
             Mangled by an iguana (10 damage)
             ... on level 3 of the Dungeon.
             The game lasted 00:12:16 (2348 turns).

Anathary the Covert (Spriggan Assassin)             Turns: 2348, Time: 00:12:16

Health: -9/22      AC:  3    Str:  7    XL:     4   Next: 92%
Magic:  5/5        EV: 17    Int: 12    God:    Dithmenos [......]
Gold:   95         SH:  0    Dex: 18    Spells: 3/3 levels left

rFire    . . .     SeeInvis +   a - +2 dagger
rCold    . . .     Gourm    .   (shield restricted)
rNeg     . . .     Faith    .   b - +0 robe
rPois    .         Spirit   .   (helmet restricted)
rElec    .         Reflect  .   c - +0 cloak
rCorr    .         Harm     .   (gloves unavailable)
MR       .....                  (boots unavailable)
Stlth    ++++......             (no amulet)
HPRegen  0.07/turn              (no ring)
MPRegen  0.09/turn              (no ring)

@: very quick
A: very small, unfitting armour, see invisible, herbivore, speed 3, slow
metabolism 2
a: Renounce Religion


You were on level 3 of the Dungeon.
You worshipped Dithmenos.
Dithmenos was noncommittal.
You were not hungry.

You visited 1 branch of the dungeon, and saw 3 of its levels.

You collected 95 gold pieces.

Inventory:

Hand Weapons
 a - a +2 dagger (weapon)
Missiles
 d - 18 poisoned darts (quivered)
 e - 2 curare-tipped darts
Armour
 b - a +0 robe (worn)
 c - a +0 cloak (worn)
Jewellery
 l - a +1 ring of evasion {unknown}
 m - an uncursed ring of resist corrosion {unknown}
 o - a cursed amulet of inaccuracy {unknown}
Scrolls
 g - 2 scrolls of teleportation {unknown}
 h - 2 scrolls of remove curse {unknown}
 k - 4 scrolls of identify {unknown}
Potions
 i - a potion of might {unknown}
 j - a potion of ambrosia {unknown}
 n - 2 potions of curing {unknown}
 p - a potion of lignification {unknown}
Comestibles
 f - 8 rations


   Skills:
 - Level 1.5 Fighting
 * Level 2.9 Short Blades
 - Level 2.0 Throwing
 - Level 1.5 Dodging
 + Level 9.1 Stealth


You had 3 spell levels left.
You didn't know any spells.
Your spell library was empty.

Dungeon Overview and Level Annotations

Branches:
Dungeon (3/15)

Altars:
Ashenzari
Cheibriados
Dithmenos
Elyvilon
Fedhas
Nemelex Xobeh
Qazlal
Trog
Uskayaw
Wu Jian
Xom


Innate Abilities, Weirdness & Mutations

You are very small and have problems with some larger weapons.
You are too small for most types of armour.
You have supernaturally acute eyesight. (SInv)
You are a herbivore.
You cover ground extremely quickly.
You need to consume almost no food.


Message History

The iguana misses you.
You hit the iguana but do no damage.
The iguana is severely wounded.
The iguana closely misses you.
You closely miss the iguana.
The iguana is severely wounded.
The iguana bites you!
* * * LOW HITPOINT WARNING * * *
You barely miss the iguana.
The iguana is severely wounded.
The iguana barely misses you.
You hit the iguana.
The iguana is almost dead.
You closely miss the iguana.
The iguana is almost dead.
The iguana misses you.
You hit the iguana.
The iguana is almost dead.
The iguana bites you!
You die...

##.#####. #. #.#
#.. #? #.# #..
#.... #.####..
#.#.# #.).....
####.#.###
####.... #........
..>........
#.##.#.l#
##.####....
#.##.##@# .......
##....##.####
#.##.#
#...>..†....# #.
###
#..#####......#
###.#### ####..#
#..#.### ..>.....
#.....# .....#
........ #.##..#
.$.#.# .#..#### #.
#..# ....... #.
#.##..####.###.###
##


You could see an iguana.

Vanquished Creatures
  A jelly (D:2)
  An orc wizard (D:3)
  3 adders
  2 leopard geckos
  2 orcs (D:3)
  4 bats
  A giant cockroach (D:1)
  4 goblins
  5 hobgoblins
  2 jackals (D:2)
  2 quokkas (D:2)
  3 frilled lizards
  8 kobolds
  9 rats
47 creatures vanquished.

Notes
Turn   | Place    | Note
-------+----------+-------------------------------------------
     0 | D:1      | Anathary the Spriggan Assassin began the quest for the Orb.
     0 | D:1      | Reached XP level 1. HP: 10/10 MP: 2/2
    48 | D:1      | Reached skill level 6 in Stealth
   156 | D:1      | Reached XP level 2. HP: 12/14 MP: 3/3
   340 | D:1      | Reached skill level 7 in Stealth
   713 | D:2      | Reached skill level 8 in Stealth
   713 | D:2      | Reached XP level 3. HP: 18/18 MP: 4/4
   826 | D:2      | Found a shadowy altar of Dithmenos.
   838 | D:2      | Became a worshipper of Dithmenos the Shadowed
   939 | D:2      | Reached XP level 4. HP: 14/22 MP: 5/5
  1187 | D:2      | Found a white marble altar of Elyvilon.
  1686 | D:3      | Found a stormy altar of Qazlal.
  1687 | D:3      | Found a blossoming altar of Fedhas.
  1688 | D:3      | Found a shattered altar of Ashenzari.
  1688 | D:3      | Found a bloodstained altar of Trog.
  1688 | D:3      | Found a snail-covered altar of Cheibriados.
  1690 | D:3      | Found a sparkling altar of Nemelex Xobeh.
  1691 | D:3      | Found an ornate altar of the Wu Jian Council.
  1849 | D:3      | Found a hide-covered altar of Uskayaw.
  1850 | D:3      | Found a shimmering altar of Xom.
  1922 | D:3      | Reached skill level 9 in Stealth
  2344 | D:3      | HP: 1/22 [iguana (8)]
  2348 | D:3      | Mangled by an iguana

Levels and vault maps discovered:
D:1:      minmay_arrival_up_and_down, layout_loops_ring
D:2:      layout_loops_ring, elyvilon_altar_1,
          nicolae_dithmenos_through_a_glass_darkly
D:3:      layout_loops_ring, grunt_temple_overflow_open,
          gammafunk_temple_overflow_statue

Skill      XL: |  1  2  3  4 |
---------------+-------------+-----
Stealth        | 6 8 9 |  9.1
Fighting       | |  1.5
Short Blades   | |  2.9
Throwing       | |  2.0
Dodging        | |  1.5

Action                   |  1- 3 |  4- 6 || total
-------------------------+-------+-------++-------
Melee: Dagger            |    60 |   106 ||   166
 Stab: Sleeping          |    16 |     6 ||    22
       Distracted        |     1 |       ||     1
Armor: Robe              |     7 |     4 ||    11
Dodge: Dodged            |    29 |    64 ||    93

Table legend:
 A = Non-vault XP
 B = Vault XP
 C = Vault XP percentage of total XP
 D = Non-vault monster count
 E = Vault monster count
 F = Vault count percentage of total count
                 A         B        C        D         E       F
            +---------+---------+-------+---------+---------+-------
      Total |     189 |       0 |   0.0 |      47 |       0 |   0.0
            +---------+---------+-------+---------+---------+-------
        D:1 |      24 |       0 |   0.0 |      15 |       0 |   0.0
        D:2 |     100 |       0 |   0.0 |      21 |       0 |   0.0
        D:3 |      65 |       0 |   0.0 |      11 |       0 |   0.0
            +---------+---------+-------+---------+---------+-------
